[Event "December 5 Late 2023"]
[Site "https://www.chess.com"]
[Date "2023.12.05"]
[Round "7"]
[White "Play, Gilles"]
[Black "Osmak, Yuliia"]
[Result "1-0"]
[Board "75"]
[TimeControl "180+1"]
[WhiteFideId "45130892"]
[BlackFideId "14101602"]
[WhiteElo "2425"]
[BlackElo "2570"]
[WhiteTeam "FRA"]
[BlackTeam "UKR"]
[WhiteClock "0:00:41"]
[BlackClock "0:00:12"]

1. e4 e6 2. d4 d5 3. Nc3 Nf6 4. e5 Nfd7 5. f4 c5 6. Nf3 Nc6 7. Be3 b6 8. Bb5 Bb7 9. f5 Be7 10. O-O cxd4 11. fxe6 dxe3 12. exf7+ Kf8 13. Bxc6 Bxc6 14. Nd4 Nc5 15. Nxc6 Qc7 16. Qxd5 Rc8 17. Nxe7 Qxe7 18. Rae1 Rd8 19. Qc4 Qxe5 20. b4 Ne6 21. Nd1 e2 22. Rxe2 Qd4+ 23. Qxd4 Nxd4 24. Re4 Nxc2 25. Nc3 h5 26. Nd5 Rh6 27. Nc7 Nd4 28. Re8+ 1-0

[Event "December 5 Late 2023"]
[Site "https://www.chess.com"]
[Date "2023.12.05"]
[Round "7"]
[White "Soderstrom, Adrian"]
[Black "Donchenko, Anatoly"]
[Result "1-0"]
[Board "76"]
[TimeControl "180+1"]
[WhiteFideId "1745786"]
[BlackFideId "4106091"]
[WhiteElo "2562"]
[BlackElo "2425"]
[WhiteTeam "SWE"]
[BlackTeam "GER"]
[WhiteClock "0:00:21"]
[BlackClock "0:00:00"]

1. Nf3 Nf6 2. c4 e6 3. g3 d5 4. d4 Be7 5. Bg2 O-O 6. O-O b6 7. cxd5 Nxd5 8. e4 Nf6 9. Nc3 Bb7 10. Qc2 Nbd7 11. Bf4 c5 12. Rad1 cxd4 13. Nxd4 e5 14. Nf5 exf4 15. e5 Bxg2 16. exf6 Bxf6 17. Kxg2 f3+ 18. Kxf3 Rc8 19. Nd6 Rc6 20. Kg2 Bxc3 21. bxc3 Qc7 22. Nb5 Qb7 23. Kg1 Ne5 24. Qe4 Qe7 25. Rfe1 Re6 26. Re3 Qf6 27. Nd4 Ree8 28. Rde1 g6 29. Qd5 Nf3+ 30. Qxf3 Qxf3 31. Nxf3 Rc8 32. Nd4 Rc5 33. Re7 Ra5 34. Nc6 Rxa2 35. Rxa7 Rc2 36. Rc7 Kg7 37. Nd4 Ra2 38. Ne6+ Kg8 39. Nxf8 Kxf8 40. Ree7 1-0

[Event "December 5 Late 2023"]
[Site "https://www.chess.com"]
[Date "2023.12.05"]
[Round "7"]
[White "Lopusiewicz, Piotr"]
[Black "Veljanoski, Andrej"]
[Result "1-0"]
[Board "77"]
[TimeControl "180+1"]
[WhiteFideId "1116029"]
[BlackFideId "15003604"]
[WhiteElo "2421"]
[BlackElo "2553"]
[WhiteTeam "POL"]
[BlackTeam "MKD"]
[WhiteClock "0:00:53"]
[BlackClock "0:00:53"]

1. d4 b6 2. e4 Bb7 3. Bd3 g6 4. Nf3 Bg7 5. Be3 d6 6. c4 Nd7 7. Nc3 e5 8. Qd2 exd4 9. Nxd4 Ne5 10. Be2 Nf6 11. f3 Qe7 12. O-O-O h6 13. Kb1 O-O-O 14. Nd5 Qd7 15. Nb5 Nxd5 16. cxd5 Kb8 17. Rc1 Rc8 18. Nd4 c5 19. dxc6 Bxc6 20. Nxc6+ Rxc6 21. Rxc6 Qxc6 22. Rc1 Qd7 23. Ba6 d5 24. Qxd5 Qxd5 25. exd5 Rd8 26. Bd4 Nd3 27. Bxg7 Nxc1 28. Be5+ Ka8 29. Bb5 Kb7 30. Bc6+ Ka6 31. Kxc1 b5 32. Kc2 Kb6 33. Bd4+ Ka6 34. b4 f5 35. f4 g5 36. g3 gxf4 37. gxf4 h5 38. Be5 Kb6 39. Bd4+ Ka6 40. Kb3 h4 41. a4 bxa4+ 42. Kxa4 h3 43. b5# 1-0

[Event "December 5 Late 2023"]
[Site "https://www.chess.com"]
[Date "2023.12.05"]
[Round "7"]
[White "Bijaoui, Manuel"]
[Black "Skaric, Djuro"]
[Result "1-0"]
[Board "78"]
[TimeControl "180+1"]
[WhiteFideId "626783"]
[BlackFideId "934569"]
[WhiteElo "2553"]
[BlackElo "2416"]
[WhiteTeam "FRA"]
[BlackTeam "SRB"]
[WhiteClock "0:00:17"]
[BlackClock "0:01:01"]

1. e4 d6 2. d4 g6 3. Nc3 Bg7 4. Nf3 Nf6 5. Be2 Nc6 6. O-O O-O 7. d5 Ne5 8. Nxe5 dxe5 9. Be3 h6 10. Qd2 Kh7 11. Rad1 Ne8 12. f4 exf4 13. Bxf4 e5 14. Be3 Nd6 15. Bd3 a6 16. Ne2 Bg4 17. h3 Bd7 18. c4 f5 19. exf5 gxf5 20. c5 Ne8 21. Ng3 e4 22. Nxe4 fxe4 23. Bxe4+ Kg8 24. Bxh6 Qh4 25. Rxf8+ Kxf8 26. Rf1+ Kg8 27. Bf4 Nf6 28. Bf3 c6 29. Bg5 Qg3 30. Bxf6 Bxf6 31. dxc6 Bxh3 32. cxb7 Rb8 33. Bd5+ Kg7 34. Rf3 Bd4+ 35. Qxd4+ 1-0

[Event "December 5 Late 2023"]
[Site "https://www.chess.com"]
[Date "2023.12.05"]
[Round "7"]
[White "Bochnicka, Vladimir"]
[Black "Przybylski, Wojciech"]
[Result "0-1"]
[Board "79"]
[TimeControl "180+1"]
[WhiteFideId "14943450"]
[BlackFideId "1117599"]
[WhiteElo "2410"]
[BlackElo "2552"]
[WhiteTeam "SVK"]
[BlackTeam "POL"]
[WhiteClock "0:00:05"]
[BlackClock "0:00:05"]

1. e4 c5 2. Nf3 e6 3. g3 d6 4. Bg2 Nf6 5. Nc3 Be7 6. O-O O-O 7. d4 cxd4 8. Nxd4 Nc6 9. Be3 Bd7 10. h3 a6 11. Qe2 Nxd4 12. Bxd4 Bc6 13. Rad1 Qc7 14. e5 dxe5 15. Bxe5 Qb6 16. Bxc6 Qxc6 17. Rd3 Rfd8 18. Rfd1 Rxd3 19. Rxd3 Rc8 20. Qd1 h6 21. h4 b5 22. a3 Kh7 23. Qf3 Qxf3 24. Rxf3 h5 25. Rd3 Rc6 26. Rd2 Kg6 27. Ne2 Nd5 28. c3 Nb6 29. Rd4 f6 30. Bb8 Nc4 31. Rd7 Kf7 32. b3 Nxa3 33. Nd4 Rb6 34. Ba7 Rd6 35. Rc7 Ke8 36. Bc5 Rd7 37. Rc8+ Kf7 38. Bxe7 Kxe7 39. Rc6 Nb1 40. Rxe6+ Kf7 41. Rc6 Nxc3 42. Rxc3 Rxd4 43. Rc7+ Kg6 44. Rc6 Rb4 45. Rxa6 Rxb3 46. Kg2 Kf5 47. Rb6 g6 48. Rb8 Ke6 49. Kf1 Rb2 50. Kg2 Kf5 51. Kf3 Ke5 52. Rb6 Rb3+ 53. Kg2 Kf5 54. Kf1 g5 55. hxg5 fxg5 56. Kg2 Kg4 57. Rb8 Rb2 58. Rb7 Kf5 59. Rb6 Ke5 60. Rb8 b4 61. Rg8 Kf5 62. Ra8 Ke4 63. Re8+ Kf5 64. Rb8 Rb1 65. Rb5+ Kf6 66. Rb6+ Ke5 67. Rb5+ Kd4 68. Rxg5 b3 69. Rxh5 Rd1 70. Rb5 Kc3 71. g4 b2 72. Kg3 b1=Q 73. Rxb1 Rxb1 74. g5 Kd4 75. f4 Ke4 76. Kg4 Rg1+ 77. Kh5 Kf5 78. g6 Rh1# 0-1

[Event "December 5 Late 2023"]
[Site "https://www.chess.com"]
[Date "2023.12.05"]
[Round "7"]
[White "Hoffmann, Asa"]
[Black "Cervantes Landeiro, Thalia"]
[Result "0-1"]
[Board "80"]
[TimeControl "180+1"]
[WhiteFideId "2001470"]
[BlackFideId "3520498"]
[WhiteElo "2412"]
[BlackElo "2542"]
[WhiteTeam "USA"]
[BlackTeam "USA"]
[WhiteClock "0:00:34"]
[BlackClock "0:01:28"]

1. d4 Nf6 2. Bg5 Ne4 3. Bf4 d5 4. f3 Nf6 5. e4 dxe4 6. Nc3 exf3 7. Nxf3 Bg4 8. h3 Bh5 9. g4 Bg6 10. Ne5 Nbd7 11. h4 Nxe5 12. Bxe5 h5 13. g5 Ng4 14. Bf4 e6 15. Be2 Bd6 16. Qd2 Bxf4 17. Qxf4 Qd6 18. Qxd6 cxd6 19. Kd2 Ke7 20. Rhg1 Bf5 21. Bd3 Bxd3 22. Kxd3 Rac8 23. Raf1 f6 24. gxf6+ gxf6 25. Ne4 d5 26. Ng3 f5 27. Ne2 Rhg8 28. Nf4 Nf2+ 29. Kd2 Ne4+ 30. Kd3 Rg4 31. Nxh5 Rxh4 32. Rg7+ Kd6 33. Nf4 Rh2 34. Ne2 Rch8 35. c3 R8h3+ 36. Kc2 Rxe2+ 37. Kb3 Rhh2 0-1

[Event "December 5 Late 2023"]
[Site "https://www.chess.com"]
[Date "2023.12.05"]
[Round "7"]
[White "Spichkin, Alexander"]
[Black "Korchynskyi, Mykola"]
[Result "1-0"]
[Board "81"]
[TimeControl "180+1"]
[WhiteFideId "4144074"]
[BlackFideId "34138005"]
[WhiteElo "2394"]
[BlackElo "2535"]
[WhiteTeam "RUS"]
[BlackTeam "UKR"]
[WhiteClock "0:02:37"]
[BlackClock "0:02:10"]

1. f4 d5 2. Nf3 Nf6 3. e3 e6 4. b3 Be7 5. Bb2 O-O 6. Bd3 b6 7. O-O Bb7 8. Ne5 Nbd7 9. Rf3 c5 10. Rh3 Rc8 11. Nxd7 Qxd7 12. Bxf6 g6 13. Qh5 1-0

[Event "December 5 Late 2023"]
[Site "https://www.chess.com"]
[Date "2023.12.05"]
[Round "7"]
[White "Sanchez Alvares, Kelvin Antonio"]
[Black "Marcziter, Dmitrii"]
[Result "1-0"]
[Board "82"]
[TimeControl "180+1"]
[WhiteFideId "3906680"]
[BlackFideId "13900765"]
[WhiteElo "2526"]
[BlackElo "2393"]
[WhiteTeam "VEN"]
[BlackTeam "GER"]
[WhiteClock "0:00:02"]
[BlackClock "0:00:00"]

1. e4 c5 2. Nf3 a6 3. c4 e6 4. Nc3 Qc7 5. d4 cxd4 6. Nxd4 Nf6 7. f3 b6 8. Be3 Bb7 9. Qd2 Nc6 10. Be2 Ne5 11. Rc1 Ng6 12. Kd1 Rc8 13. Kc2 Be7 14. Kb1 O-O 15. h4 Rfd8 16. Nb3 Bc5 17. Na4 Bxe3 18. Qxe3 Rb8 19. h5 Nf4 20. g4 Ne8 21. e5 Nxe2 22. Qxe2 Qc6 23. Nc3 Qxf3 24. Qh2 Qxg4 25. Rhg1 Qf5+ 26. Ka1 d6 27. Rcf1 Qxe5 28. Qf2 f5 29. Re1 Qf6 30. Nd4 Nc7 31. Nde2 b5 32. Nf4 bxc4 33. h6 g6 34. Nh5 Qf7 35. Qh4 Rf8 36. Qg5 Kh8 37. Ng7 Qf6 38. Qd2 Nd5 39. Ne2 Bc6 40. Nd4 Bd7 41. Ndxe6 Rfc8 42. Nd4 c3 43. bxc3 Rc4 44. Rg3 Rbc8 45. Ne2 1-0

[Event "December 5 Late 2023"]
[Site "https://www.chess.com"]
[Date "2023.12.05"]
[Round "7"]
[White "Alvarado, Carlos"]
[Black "Tikhonov, Viacheslav"]
[Result "1/2-1/2"]
[Board "83"]
[TimeControl "180+1"]
[WhiteFideId "3800555"]
[BlackFideId "44196407"]
[WhiteElo "2394"]
[BlackElo "2526"]
[WhiteTeam "PER"]
[BlackTeam "RUS"]
[WhiteClock "0:00:06"]
[BlackClock "0:00:02"]

1. d4 Nf6 2. Nf3 g6 3. Bg5 Bg7 4. Nbd2 d5 5. c3 O-O 6. e3 b6 7. b4 a5 8. a3 Bf5 9. Be2 Ne4 10. Nxe4 Bxe4 11. O-O Nd7 12. Bb5 Nf6 13. Ne5 Bf5 14. Nc6 Qd7 15. a4 Qe6 16. Rc1 h6 17. Bh4 g5 18. Bg3 Rfc8 19. Be5 Ne4 20. Bxg7 Kxg7 21. bxa5 bxa5 22. g4 Bxg4 23. f3 Bh5 24. c4 Nd6 25. Ne5 c6 26. cxd5 cxd5 27. Rxc8 Qxc8 28. Qb3 f6 29. Nc6 Qe6 30. e4 Bf7 31. exd5 Qxd5 32. Qxd5 Bxd5 33. Nxe7 Bb3 34. Bc6 Rb8 35. f4 Rb4 36. fxg5 hxg5 37. d5 Bxa4 38. Ra1 Rg4+ 39. Kf2 Bxc6 40. Nxc6 Rc4 41. Rxa5 Rc2+ 42. Ke3 Nc4+ 43. Kd3 Nxa5 44. Kxc2 Nb7 45. Kd3 Kf7 46. Kd4 Ke8 47. Nb4 Kd7 48. Nd3 Kd6 49. Nf2 Nc5 50. h3 Nd7 51. Ne4+ Ke7 52. Ng3 Kf7 53. Nf5 Kg6 54. Ne7+ Kh5 55. Nc6 Kh4 56. d6 Kxh3 57. Kd5 g4 58. Ke6 Nb6 59. Kxf6 g3 60. Nd4 g2 61. Ne2 Kg4 62. Ke7 Kf3 63. Ng1+ Kf2 64. Nh3+ Kg3 65. Ng1 Nd5+ 66. Kf7 Kf2 67. Nh3+ Kg3 68. Ng1 Nf4 69. d7 Kh2 70. Nf3+ Kg3 71. Ng1 Kf2 72. d8=Q Kxg1 73. Qg5 Ne2 74. Qxg2+ Kxg2 1/2-1/2

[Event "December 5 Late 2023"]
[Site "https://www.chess.com"]
[Date "2023.12.05"]
[Round "7"]
[White "YurasovMat-2012"]
[Black "Chylewski, Patryk"]
[Result "1-0"]
[Board "84"]
[TimeControl "180+1"]
[BlackFideId "1186191"]
[WhiteElo "2392"]
[BlackElo "2522"]
[BlackTeam "POL"]
[WhiteClock "0:00:30"]
[BlackClock "0:00:00"]

1. e4 c5 2. Nf3 Nc6 3. Bb5 d6 4. d4 cxd4 5. Nxd4 Bd7 6. O-O Nf6 7. Re1 e5 8. Nf3 Be7 9. Nc3 O-O 10. Bg5 Bg4 11. h3 Be6 12. Nd5 Bxd5 13. Bxf6 Bxf6 14. Qxd5 Qc7 15. c3 Rfd8 16. Rad1 a6 17. Bf1 Rac8 18. g3 Ne7 19. Qb3 Qc6 20. h4 h6 21. Bg2 b5 22. Nh2 h5 23. Qc2 Qc4 24. a4 Qxa4 25. Qe2 Qb3 26. Qxh5 g6 27. Qf3 Bg7 28. Ng4 Qxb2 29. Nf6+ Kf8 30. Re3 Qb3 31. Rde1 Qe6 32. Nh7+ Kg8 33. Ng5 Qf6 34. Qg4 Rc6 35. Rf3 Nf5 36. exf5 Rc4 37. Ne4 Qe7 38. f6 Bxf6 39. Nxf6+ Qxf6 40. Qxc4 Qxf3 41. Bxf3 bxc4 42. Bd5 Rc8 43. Rb1 Rc5 44. Rd1 a5 45. Be4 Rb5 46. Rxd6 Rb3 47. Bd5 Rxc3 48. Rxg6+ Kf8 49. Rf6 Rc1+ 50. Kg2 c3 51. Rxf7+ Ke8 52. Rc7 a4 53. Bc6+ Kd8 54. Rd7+ Kc8 55. Rd3 a3 56. Bd5 Kc7 57. h5 a2 58. Bxa2 1-0

[Event "December 5 Late 2023"]
[Site "https://www.chess.com"]
[Date "2023.12.05"]
[Round "7"]
[White "Sari, Yasin"]
[Black "Ferreira, Vitor Hugo Vieira"]
[Result "1-0"]
[Board "85"]
[TimeControl "180+1"]
[WhiteFideId "6320902"]
[BlackFideId "2119765"]
[WhiteElo "2382"]
[BlackElo "2514"]
[WhiteTeam "TUR"]
[BlackTeam "BRA"]
[WhiteClock "0:00:11"]
[BlackClock "0:00:00"]

1. d4 d5 2. Bf4 c5 3. e3 Nc6 4. c3 Qb6 5. Na3 c4 6. Qc1 Bf5 7. h3 e6 8. g4 Be4 9. f3 Bg6 10. Ne2 Nf6 11. Bg2 Bd3 12. Bg3 Be7 13. Nf4 Bg6 14. Nxg6 hxg6 15. e4 Rc8 16. Nc2 O-O 17. e5 Nh7 18. h4 f6 19. exf6 Bxf6 20. h5 g5 21. f4 gxf4 22. Bxf4 Qd8 23. O-O Ng5 24. Qe3 Qe7 25. Rae1 Rce8 26. b3 cxb3 27. axb3 Nf7 28. Re2 Bg5 29. Ref2 Bxf4 30. Rxf4 Nd6 31. Ne1 Rxf4 32. Rxf4 Rf8 33. Nd3 Rxf4 34. Qxf4 Nf7 35. Nc5 b6 36. Nd3 e5 37. Nxe5 Ncxe5 38. dxe5 Qxe5 39. Qxe5 Nxe5 40. Bxd5+ Kf8 41. g5 Ke7 42. h6 gxh6 43. gxh6 Ng6 44. h7 Kd6 45. Be4 Nh8 46. Kf2 Ke5 47. Ke3 b5 48. b4 a6 49. Bb7 Kd6 50. Bxa6 Kc6 51. Bc8 Nf7 52. Be6 Nh8 53. Kd4 Kd6 54. Bf5 Kc6 55. Bd3 Nf7 56. Be4+ Kb6 57. Bg6 Nh8 58. Be4 Nf7 59. Kd5 Nh8 60. Ke6 Kc7 61. Kf6 Kd6 62. Kg7 Ke5 63. Kxh8 Kxe4 64. Kg7 Kd3 65. h8=Q Kxc3 66. Qf8 Kc4 67. Qc5+ 1-0

[Event "December 5 Late 2023"]
[Site "https://www.chess.com"]
[Date "2023.12.05"]
[Round "7"]
[White "Pasti, Aron"]
[Black "Gutkin, Ilya"]
[Result "1-0"]
[Board "86"]
[TimeControl "180+1"]
[WhiteFideId "785857"]
[BlackFideId "16203470"]
[WhiteElo "2511"]
[BlackElo "2373"]
[WhiteTeam "HUN"]
[BlackTeam "GER"]
[WhiteClock "0:00:03"]
[BlackClock "0:00:02"]

1. e4 e5 2. Nf3 Nc6 3. Bb5 Nf6 4. d3 Bc5 5. c3 d6 6. O-O O-O 7. Bg5 Bg4 8. h3 Bh5 9. g4 Bg6 10. Nbd2 Qe7 11. Re1 a6 12. Bxc6 bxc6 13. Nc4 Qe6 14. Ne3 Bxe3 15. Rxe3 Nd7 16. Re2 h5 17. Nh2 f6 18. Be3 c5 19. f3 Rfb8 20. Nf1 hxg4 21. hxg4 a5 22. Kg2 Rb7 23. Ng3 Rab8 24. Qc1 c4 25. d4 d5 26. dxe5 dxe4 27. f4 Qxg4 28. Rf2 fxe5 29. Rb1 exf4 30. Rxf4 Qe6 31. Ne2 Rf8 32. Nd4 Qe5 33. Rxf8+ Nxf8 34. Qf1 Rb6 35. Qe2 Rf6 36. Rh1 Ne6 37. Qxc4 Qc5 38. Qxc5 Nxc5 39. Rh3 Nd3 40. b3 c5 41. Ne2 Ne1+ 42. Kg1 Nf3+ 43. Kg2 Nd2 44. Nf4 Bf5 45. Rg3 Nf3 46. Kf2 Ne1 47. Kxe1 Rd6 48. Rg2 Kf7 49. Rd2 Rh6 50. Kf2 Rh1 51. Ng2 Ra1 52. Nh4 Be6 53. Ng2 a4 54. Nf4 axb3 55. Nxe6 Rxa2 56. Ng5+ Kf6 57. Nxe4+ Ke5 58. Kf3 Rxd2 59. Nxd2 b2 60. Nb1 Kd5 61. Ke2 Kc4 62. Kd2 Kb3 63. Bg5 c4 64. Bf4 g6 65. Bg5 Ka2 66. Kc2 Ka1 67. Bf4 Ka2 68. Nd2 Ka1 69. Bg5 Ka2 70. Bh6 Ka1 71. Bf8 g5 72. Ba3 g4 73. Bxb2+ Ka2 74. Nf1 g3 75. Ne3 g2 76. Nd5 g1=Q 77. Nb4# 1-0

[Event "December 5 Late 2023"]
[Site "https://www.chess.com"]
[Date "2023.12.05"]
[Round "7"]
[White "Rogov, Matfey"]
[Black "youngdinousaur"]
[Result "1-0"]
[Board "87"]
[TimeControl "180+1"]
[WhiteFideId "44191308"]
[WhiteElo "2511"]
[BlackElo "2336"]
[WhiteTeam "RUS"]
[WhiteClock "0:01:00"]
[BlackClock "0:00:14"]

1. e4 c5 2. Nf3 e6 3. d4 cxd4 4. Nxd4 Nf6 5. Nc3 Nc6 6. Nxc6 bxc6 7. e5 Nd5 8. Ne4 Qc7 9. f4 Qb6 10. c4 Bb4+ 11. Ke2 f5 12. exf6 Nxf6 13. Be3 Qd8 14. Nd6+ Bxd6 15. Qxd6 Bb7 16. g4 Rc8 17. g5 Ne4 18. Qe5 c5 19. Bg2 Qc7 20. Qxg7 Rf8 21. Bf3 Nd6 22. Bh5+ Nf7 23. Rhg1 Qc6 24. Qxh7 Qe4 25. Qxe4 Bxe4 26. g6 Nd6 27. g7+ 1-0

[Event "December 5 Late 2023"]
[Site "https://www.chess.com"]
[Date "2023.12.05"]
[Round "7"]
[White "Micic, Aleksa"]
[Black "Bayo Milagro, Alvaro"]
[Result "1-0"]
[Board "88"]
[TimeControl "180+1"]
[WhiteFideId "989940"]
[BlackFideId "22275240"]
[WhiteElo "2362"]
[BlackElo "2511"]
[WhiteTeam "SRB"]
[BlackTeam "ESP"]
[WhiteClock "0:00:22"]
[BlackClock "0:00:00"]

1. d4 Nf6 2. Nc3 g6 3. e4 d6 4. Nf3 Bg7 5. Be2 O-O 6. O-O Bg4 7. h3 Bxf3 8. Bxf3 Nc6 9. Be3 e5 10. d5 Ne7 11. g3 Nd7 12. Bg2 f5 13. f4 fxe4 14. Bxe4 Nf5 15. Bxf5 Rxf5 16. fxe5 Rxf1+ 17. Qxf1 Nxe5 18. Qf4 Qe7 19. Rf1 Rf8 20. Qe4 a6 21. Rxf8+ Qxf8 22. Kg2 Qf7 23. Ne2 c6 24. Nf4 cxd5 25. Qxd5 Nc6 26. Qxf7+ Kxf7 27. c3 Ne5 28. Bd4 Ke7 29. b3 Kd7 30. g4 Kc6 31. Ne6 Bf6 32. Nf8 h5 33. Nxg6 hxg4 34. Bxe5 gxh3+ 35. Kxh3 dxe5 36. Kg4 e4 37. Kf4 Bxc3 38. Kxe4 Kc5 39. Kd3 Bf6 40. Nf4 b5 41. Ne2 a5 42. Ng3 Kb4 43. Ne4 Be7 44. Kc2 a4 45. Kb2 axb3 46. axb3 Bf8 47. Nf2 Bg7+ 48. Ka2 Bd4 49. Nd3+ Kc3 50. Nf4 Be5 51. Nd5+ Kd4 52. Ne7 Bf6 53. Nf5+ Ke4 54. Nd6+ Kd5 55. Nxb5 Kc5 56. Na3 Kb6 57. Nc2 Be7 58. Kb2 Kb5 59. Kc3 Bf8 60. Nd4+ Ka5 61. Kc4 Kb6 62. Ne6 Be7 63. Nf4 Bf8 64. Ng6 Ba3 65. Nf4 Bf8 66. Nd5+ Kb7 67. Nc3 Kb6 68. Ne4 Be7 69. Nc3 Ba3 70. Nd5+ Kb7 71. Kb5 1-0

[Event "December 5 Late 2023"]
[Site "https://www.chess.com"]
[Date "2023.12.05"]
[Round "7"]
[White "Silvestre, Christian"]
[Black "Calin, Alexandru"]
[Result "0-1"]
[Board "89"]
[TimeControl "180+1"]
[WhiteFideId "30956269"]
[BlackFideId "1222961"]
[WhiteElo "2335"]
[BlackElo "2508"]
[WhiteTeam "USA"]
[BlackTeam "ROU"]
[WhiteClock "0:00:02"]
[BlackClock "0:00:06"]

1. e4 g6 2. c4 Bg7 3. Nf3 c5 4. g3 Nc6 5. Bg2 e6 6. O-O Nge7 7. d3 O-O 8. Nc3 a6 9. Rb1 Rb8 10. a3 b5 11. Be3 d6 12. cxb5 axb5 13. d4 b4 14. axb4 cxb4 15. Ne2 d5 16. e5 Ba6 17. Qd2 Nf5 18. Rfc1 Qb6 19. Nf4 Na5 20. b3 Rfc8 21. Rc5 Rxc5 22. dxc5 Qc7 23. Nd3 Nxe3 24. Qxe3 Bxd3 25. Qxd3 Qxc5 26. Ra1 Rc8 27. h4 Qc3 28. Qd1 Nxb3 29. Rb1 Na5 30. Ng5 h6 31. Nxf7 Kxf7 32. Bxd5 exd5 33. Qxd5+ Kf8 34. Qxa5 Qxe5 35. Qxb4+ Kg8 36. Qb3+ Kh7 37. Qf3 Qf5 38. Qxf5 gxf5 39. Rb5 Kg6 40. Kg2 Rc2 41. Kf3 Bd4 42. h5+ Kg5 43. g4 Bxf2 44. Rxf5+ Kh4 45. Rf6 Bd4 46. Rxh6 Rf2+ 47. Ke4 Ba7 48. Kd5 Kxg4 49. Rg6+ Kxh5 50. Rg8 Be3 51. Kc6 Bg5 52. Kd5 Kg4 53. Kc6 Rd2 54. Kb7 Kf5 55. Rf8+ Bf6 56. Rc8 Ke6 57. Rc6+ Ke5 58. Rc5+ Kd4 59. Rc6 Be5 60. Rb6 Kd5 61. Rb5+ Ke6 62. Rb6+ Bd6 63. Rb5 Rc2 64. Rb6 Rc7+ 65. Ka6 Rh7 66. Rb7 Rh1 67. Rb6 Kd5 68. Kb7 Bc5 69. Rg6 Rh7+ 70. Kc8 Bd6 71. Kd8 Kc6 72. Ke8 Re7+ 73. Kf8 Re1+ 74. Kg7 Kd7 75. Kf7 Rf1+ 76. Rf6 Rh1 77. Rg6 Be5 78. Kg8 Ke7 79. Rg4 Rh8# 0-1

[Event "December 5 Late 2023"]
[Site "https://www.chess.com"]
[Date "2023.12.05"]
[Round "7"]
[White "Rian, Kapriaga"]
[Black "Baches Garcia, Guillermo"]
[Result "1-0"]
[Board "90"]
[TimeControl "180+1"]
[WhiteFideId "7103263"]
[BlackFideId "2209764"]
[WhiteElo "2332"]
[BlackElo "2506"]
[WhiteTeam "INA"]
[BlackTeam "ESP"]
[WhiteClock "0:00:52"]
[BlackClock "0:00:00"]

1. d4 d5 2. Nf3 e6 3. c4 Nf6 4. Nc3 a6 5. cxd5 exd5 6. Bg5 Be6 7. e3 Nbd7 8. Bd3 c6 9. O-O Bd6 10. Qc2 Qc7 11. Rab1 h6 12. Bxf6 Nxf6 13. g3 O-O 14. b4 Rfc8 15. a4 b6 16. Rfc1 Qe7 17. Qb2 Nd7 18. e4 dxe4 19. Nxe4 Bd5 20. Re1 Qf8 21. Ne5 Nxe5 22. dxe5 Be7 23. Re2 Rd8 24. Re3 Be6 25. Bc2 Rab8 26. Qc3 Rdc8 27. Qd3 Bxb4 28. Nf6+ 1-0

[Event "December 5 Late 2023"]
[Site "https://www.chess.com"]
[Date "2023.12.05"]
[Round "7"]
[White "Monteiro, Luis Felipe Furtado"]
[Black "Rees, Ioan"]
[Result "0-1"]
[Board "91"]
[TimeControl "180+1"]
[WhiteFideId "22702806"]
[BlackFideId "1801236"]
[WhiteElo "2076"]
[BlackElo "2502"]
[WhiteTeam "BRA"]
[BlackTeam "WLS"]
[WhiteClock "0:00:00"]
[BlackClock "0:00:39"]

1. d4 d5 2. c4 e6 3. Nf3 Nf6 4. Nc3 Nbd7 5. Bg5 Be7 6. e3 O-O 7. Rc1 a6 8. c5 c6 9. Bd3 e5 10. Bxf6 Bxf6 11. dxe5 Nxe5 12. Nxe5 Bxe5 13. O-O g6 14. b4 Qf6 15. Ne2 Qg7 16. a4 h5 17. b5 axb5 18. axb5 h4 19. e4 Be6 20. exd5 Bxd5 21. bxc6 Bxc6 22. Qc2 Rfe8 23. Rfd1 Qf6 24. Bc4 Qg5 25. g3 hxg3 26. hxg3 Kg7 27. Bd5 Ba4 28. Bb3 Bc6 29. Bd5 Bxg3 30. Nxg3 Bxd5 31. Qc3+ Kg8 32. f4 Qxf4 33. Rxd5 Re3 34. Rd3 Qxg3+ 35. Kf1 Rxd3 0-1

[Event "December 5 Late 2023"]
[Site "https://www.chess.com"]
[Date "2023.12.05"]
[Round "7"]
[White "Arnold, Ken"]
[Black "Khruschiov, Alexey"]
[Result "0-1"]
[Board "92"]
[TimeControl "180+1"]
[WhiteFideId "2056836"]
[BlackFideId "13900544"]
[WhiteElo "2427"]
[BlackElo "2660"]
[WhiteTeam "USA"]
[BlackTeam "MDA"]
[WhiteClock "0:00:36"]
[BlackClock "0:00:57"]

1. d4 Nf6 2. Nf3 d6 3. g3 g6 4. Bg2 Bg7 5. O-O O-O 6. Nbd2 Nc6 7. c3 e5 8. dxe5 dxe5 9. Nc4 e4 10. Ng5 Qe7 11. Qc2 Re8 12. h4 Bf5 13. Ne3 Bd7 14. Nh3 Rad8 15. b3 Bc8 16. Bb2 Ne5 17. c4 c6 18. Rad1 Nf3+ 19. exf3 exf3 20. Bxf3 Bxh3 21. Bg2 Bxg2 22. Kxg2 h5 23. Bxf6 Qxf6 24. Rxd8 Rxd8 25. Rd1 Rxd1 26. Qxd1 Qe6 27. Qd3 Bf6 28. a4 Kg7 29. Nc2 a6 30. Ne3 Qe5 31. Nf1 Qb2 32. Nd2 Bd4 33. Kf3 f5 34. Ke2 Kf6 35. f3 Ke5 36. g4 Kf4 37. gxf5 gxf5 38. Kd1 Be3 39. Qd6+ Qe5 40. Qh6+ Kg3 41. Nf1+ Kf2 42. Nxe3 Qxe3 43. f4 Qxb3+ 44. Kd2 Qxc4 45. Qg5 Qd4+ 46. Kc1 Qc3+ 47. Kb1 Qd3+ 48. Kc1 b5 49. axb5 axb5 50. Qxh5 b4 51. Qf7 b3 52. Kb2 Qc2+ 53. Ka3 Qa2+ 54. Kb4 c5+ 55. Kc3 Qc2# 0-1

[Event "December 5 Late 2023"]
[Site "https://www.chess.com"]
[Date "2023.12.05"]
[Round "7"]
[White "Zimmermann, Ulrich"]
[Black "Titus, Andrew"]
[Result "0-1"]
[Board "93"]
[TimeControl "180+1"]
[WhiteFideId "24654523"]
[BlackFideId "2059770"]
[WhiteElo "2424"]
[BlackElo "2586"]
[WhiteTeam "GER"]
[BlackTeam "USA"]
[WhiteClock "0:00:13"]
[BlackClock "0:01:26"]

1. g3 d5 2. Bg2 Nf6 3. d3 e5 4. Nf3 Bd6 5. c4 e4 6. Nfd2 exd3 7. cxd5 Qe7 8. e4 Nxd5 9. O-O Nb4 10. Nc4 Nc2 11. e5 Bc5 12. Qxd3 Nxa1 13. Nc3 O-O 14. Nd5 Qd8 15. Be4 h6 16. Qf3 c6 17. Nf6+ gxf6 18. Rd1 Qe7 19. exf6 Qe6 20. Bxh6 Re8 21. Bh7+ Kxh7 22. Qh5 Qg4 23. Qxf7+ Kxh6 24. Qxe8 Qxd1+ 25. Kg2 Bh3+ 26. Kxh3 Qh5+ 27. Qxh5+ Kxh5 0-1

[Event "December 5 Late 2023"]
[Site "https://www.chess.com"]
[Date "2023.12.05"]
[Round "7"]
[White "Wu, Sibo"]
[Black "Miranda, Rafael"]
[Result "1-0"]
[Board "94"]
[TimeControl "180+1"]
[WhiteFideId "8606048"]
[BlackFideId "130990"]
[WhiteElo "2417"]
[BlackElo "2573"]
[WhiteTeam "CHN"]
[BlackTeam "ARG"]
[WhiteClock "0:01:15"]
[BlackClock "0:00:19"]

1. d4 Nf6 2. Bf4 g6 3. Nc3 Bg7 4. e4 d6 5. Qd2 O-O 6. O-O-O Nc6 7. Bh6 Bxh6 8. Qxh6 Ng4 9. Qd2 e5 10. d5 Ne7 11. f3 Nf6 12. Qh6 Kh8 13. h4 Nfg8 14. Qd2 f5 15. h5 f4 16. hxg6 Nxg6 17. Nge2 a6 18. g3 fxg3 19. Nxg3 Rxf3 20. Nf5 Bxf5 21. exf5 Rxf5 22. Bd3 Rf6 23. Rdg1 Kg7 24. Ne4 Qe8 25. Qh2 Kf8 26. Qxh7 1-0

[Event "December 5 Late 2023"]
[Site "https://www.chess.com"]
[Date "2023.12.05"]
[Round "7"]
[White "Asish Panda"]
[Black "DCacheiro"]
[Result "0-1"]
[Board "95"]
[TimeControl "180+1"]
[WhiteFideId "45012458"]
[WhiteElo "2562"]
[BlackElo "2411"]
[WhiteTeam "IND"]
[WhiteClock "0:01:46"]
[BlackClock "0:00:57"]

1. e4 c5 2. Nf3 d6 3. d4 cxd4 4. Qxd4 Nc6 5. Bb5 Bd7 6. Bxc6 Bxc6 7. c4 f5 8. Nc3 fxe4 9. Nxe4 e5 10. Qe3 Nf6 11. Nxf6+ Qxf6 12. Bd2 Qg6 13. Rg1 Be7 14. O-O-O O-O 15. c5 Rac8 16. Bc3 Ba4 17. cxd6 Qc2# 0-1

[Event "December 5 Late 2023"]
[Site "https://www.chess.com"]
[Date "2023.12.05"]
[Round "7"]
[White "Marchesich, Giovanni"]
[Black "Roberson, Peter T"]
[Result "1-0"]
[Board "96"]
[TimeControl "180+1"]
[WhiteFideId "2824790"]
[BlackFideId "412384"]
[WhiteElo "2404"]
[BlackElo "2547"]
[WhiteTeam "ITA"]
[BlackTeam "ENG"]
[WhiteClock "0:01:54"]
[BlackClock "0:00:38"]

1. e4 c5 2. Nf3 d6 3. d4 cxd4 4. Nxd4 Nf6 5. Nc3 Nbd7 6. f4 Nc5 7. Bb5+ Bd7 8. e5 dxe5 9. fxe5 Nfe4 10. e6 fxe6 11. Qh5+ g6 12. Qe5 Nxc3 13. bxc3 Qa5 14. Qxc5 Kf7 15. O-O+ Kg8 16. Qc4 Rc8 17. Rxf8+ Kxf8 18. Bh6+ Kg8 19. Bxd7 1-0